 Dungeon Crawl Stone Soup version 0.17.0-7-gfadd4cc (console) character file.

11 gw the Cudgeler (level 2, -1/27 HPs)
             Began as a Minotaur Chaos Knight on Nov 9, 2015.
             Slain by an eight-headed hydra (glowing shapeshifter) (12 damage)
             ... on level 1 of the Dungeon.
             The game lasted 00:00:28 (446 turns).

gw the Cudgeler (Minotaur Chaos Knight)              Turns: 446, Time: 00:00:28

Health: -1/27      AC:  5    Str: 16    XL:     2   Next: 13%
Magic:  1/1        EV: 11    Int:  9    God:    Xom [.*....]
Gold:   17         SH:  0    Dex:  9    Spells: 0 memorised, 1 level left

rFire  . . .     SeeInvis .     a - +0 mace (chaos)
rCold  . . .     Clarity  .     b - +2 leather armour
rNeg   . . .     SustAt   .     (no shield)
rPois  .         Gourm    .     (helmet restricted)
rElec  .         Spirit   .     (no cloak)
rCorr  .         Warding  .     (no gloves)
rMut   .         Stasis   .     (no boots)
MR     .....                    (no amulet)
Stlth  +.........               (no ring)
                                (no ring)

@: not resistant to hostile enchantments, very unstealthy
A: retaliatory headbutt, horns 2
a: Renounce Religion


You were on level 1 of the Dungeon.
You worshipped Xom.
You were a plaything of Xom.
You were not hungry.

You visited 1 branch of the dungeon, and saw 1 of its levels.

You collected 17 gold pieces.

Inventory:

Hand Weapons
 a - a +0 mace of chaos (weapon)
Missiles
 d - 61 stones (quivered)
Armour
 b - a +2 leather armour (worn)
Comestibles
 c - 2 bread rations


   Skills:
 + Level 3.7 Fighting
 * Level 3.9 Maces & Flails
 + Level 1.0 Throwing
 + Level 2.5 Armour
 - Level 1.1 Dodging


You had one spell level left.
You didn't know any spells.

Dungeon Overview and Level Annotations

Branches:
Dungeon (1/15)

Altars:


Innate Abilities, Weirdness & Mutations

You reflexively headbutt those who attack you in melee.
You have a pair of horns on your head.


Message History

Unknown command.
Unknown command.
Unknown command.
ATTACK MOVE TO (-1,-1)
You hit the fire dragon but do no damage.
Nothing appears to happen.
You headbutt the fire dragon.
The fire dragon is lightly wounded.
The fire dragon changes into a hydra!
Unknown command.
Unknown command.
Unknown command.
Unknown command.
ATTACK MOVE TO (-1,-1)
You hit the eight-headed hydra. You burn the eight-headed hydra.
You headbutt the eight-headed hydra.
The eight-headed hydra is lightly wounded.
The eight-headed hydra closely misses you.
The eight-headed hydra bites you!
You die...
Xom titters!

############.#.###......#.##
#........#..!...........#..#####
#.............#######.........
#.#..%...##..>#?#......#)#####
#.#.##.#......#...............
#.#.##.#?###..#.#.####........
#.#.##.#......#...............
#......#####D..........#.####.
#...#####....H....####.#.# #.
#...#####.##......# #.#.####.
#.......# #......# #.#......
#..#....# #...).## #.#..###.
#..#....#) #.....# #.#....#.
#..#....#. #####.# #........
#.)#....#. #.# ###......
#..#....#.#### #.# ##.#####
#..#..#....#....# #.#
####..#####


You could see an eight-headed hydra shaped shifter.

Table legend:
 A = Turns spent in this place as a percentage of turns spent in the entire game.
 B = Non-inter-level travel turns spent in this place as a percentage of non-inter-level travel turns spent in the entire game.
 C = Inter-level travel turns spent in this place as a percentage of turns spent in this place.
 D = Turns resting spent in this place as a percentage of non-inter-level travel turns spent in this place.
 E = Turns spent auto-exploring this place as a percentage of non-inter-level travel turns spent in this place.
 F = Non-inter-level travel turns spent in this place divided by the number of levels of this place that you've seen.
                   A       B       C       D       E      F
               +-------+-------+-------+-------+-------+----------------------
         Total | 100.0 | 100.0 |   0.0 |   0.6 |   2.8 | 716.0
       Dungeon | 100.0 | 100.0 |   0.0 |   0.6 |   2.8 | 716.0
               +-------+-------+-------+-------+-------+----------------------

Table legend:
 A = Kills in this place as a percentage of kills in entire the game.
 B = Kills by you in this place as a percentage of kills by you in the entire game.
 C = Kills by friends in this place as a percentage of kills by friends in the entire game.
 D = Other kills in this place as a percentage of other kills in the entire game.
 E = Experience gained in this place as a percentage of experience gained in the entire game.
 F = Experience gained in this place divided by the number of levels of this place that you have seen.
                   A       B       C       D       E      F
               +-------+-------+-------+-------+-------+----------------------
         Total | 100.0 | 100.0 |  -nan |  -nan | 100.0 |  16.0
       Dungeon | 100.0 | 100.0 |  -nan |  -nan | 100.0 |  16.0
               +-------+-------+-------+-------+-------+----------------------

Vanquished Creatures
  2 goblins (D:1)
  2 hobgoblins (D:1)
  3 jackals (D:1)
  A bat (D:1)
  A giant newt (D:1)
  A kobold (D:1)
10 creatures vanquished.

Notes
Turn   | Place    | Note
--------------------------------------------------------------
     0 | D:1      | gw the Minotaur Chaos Knight began the quest for the Orb.
     0 | D:1      | Reached XP level 1. HP: 19/19 MP: 0/0
   108 | D:1      | XOM: harmless Trmt miscast
   156 | D:1      | XOM: enchant monster (good)
   165 | D:1      | XOM: polymorph jackal -> adder
   178 | D:1      | Reached skill level 1 in Throwing
   178 | D:1      | Reached XP level 2. HP: 22/27 MP: 1/1
   263 | D:1      | XOM: 5-stop teleportation journey
   387 | D:1      | XOM: silly message
   441 | D:1      | Noticed a fire dragon
   445 | D:1      | Noticed an eight-headed hydra
   445 | D:1      | a fire dragon changed into an eight-headed hydra
   446 | D:1      | Slain by an eight-headed hydra (glowing shapeshifter)

Action                   || total
-------------------------++-------
Melee: Mace              ||    17
Throw: Stone             ||    20

Vault maps used:
D:1:      evilmike_arrival_rings, corexii_item_surrounded_by_moat,
          minmay_misc_feat_diagonals
